 Dungeon Crawl Stone Soup version 0.30.1 (webtiles) character file.

Game seed: 8458706278523394307

542 Pepete the Covered (level 7, -4/45 HPs)
             Began as a Djinni Fire Elementalist on July 9, 2023.
             Slain by an ogre
             ... wielding a +0 giant club
              (32 damage)
             ... on level 5 of the Dungeon.
             The game lasted 00:07:10 (5038 turns).

Pepete the Covered (Djinni Fire Elementalist)       Turns: 5038, Time: 00:07:11

Health: -4/45      AC:  2    Str:  7    XL:     7   Next: 52%
Gold:   200        EV: 11    Int: 19    God:
                   SH:  5    Dex: 13

rFire   + + +        (no weapon)
rCold   x x .        b - +0 buckler
rNeg    . . .        k - +0 robe
rPois   ∞            (no helmet)
rElec   .            (no cloak)
rCorr   .            (no gloves)
SInv    .            (boots unavailable)
Will    .....        (no amulet)
Stlth   ++           f - ring of fire
HPRegen 0.27/turn    (no ring)
MPRegen 0.00/turn

%: infuse magic (-5 HP)
@: flying
A: sickness immunity, fire resistance 2, cold vulnerability 1, float, innate
caster, HP casting, extra vitality 1
a: no special abilities


You were on level 5 of the Dungeon.
You visited 1 branch of the dungeon, and saw 5 of its levels.

You collected 200 gold pieces.

Inventory:

Missiles
 o - 6 poisoned darts
Armour
 b - a +0 buckler (worn)
 j - a +0 robe
 k - a +0 robe (worn)
 t - a +0 tower shield
Jewellery
 f - a ring of fire (left hand)
Wands
 q - a wand of roots (1)
Scrolls
 d - 4 scrolls of teleportation
 h - a scroll of fog
 n - a scroll of vulnerability
 s - a scroll of poison {unknown}
Potions
 a - a potion of cancellation
 e - 4 potions of curing
 i - a potion of invisibility {unknown}
 l - a potion of berserk rage {unknown}
 r - 2 potions of haste {unknown}


   Skills:
 * Level 4.3 Armour
 - Level 2.1 Dodging
 - Level 1.5 Stealth
 * Level 3.4 Shields
 * Level 4.2 Spellcasting


You knew the following spells:

 Your Spells              Type           Power      Damage    Failure   Level
a - Foxfire               Conj/Fire      100%       2x1d9     3%          1
b - Scorch                Fire           60%        2d8       5%          2
c - Volatile Blastmotes   Fire/Tloc      60%        2d15      11%         3
d - Inner Flame           Hex/Fire       30%        N/A       11%         3
e - Flame Wave            Conj/Fire      30%        2d9       34%         4
f - Beastly Appendage     Tmut           40%        N/A       3%          1
g - Poisonous Vapours     Pois/Air       40%        N/A       5%          2
h - Swiftness             Air            20%        N/A       11%         3
Your spell library was empty.

Dungeon Overview and Level Annotations

Branches:
Dungeon (5/15)             Temple (0/1) D:4

Altars:
Okawaru

Shops:
D:2 =

Annotations:
D:4 3 runed translucent doors, erynZofia's ghost, amateur FoHu


Innate Abilities, Weirdness & Mutations

You are immune to sickness and miasma.
You are immune to poison.
Your flesh is very heat resistant. (rF++)
You are vulnerable to cold. (rC-)
You float through the air rather than walking.
You learn spells naturally, not from books.
Your magical power is your life essence.
You have superior vitality. (+4 MHP)


Message History

You kill the gnoll!
You are knocked back by the blast.
Casting: Volatile Blastmotes (dangerous; 11% risk of failure)
Confirm with . or Enter, or press ? or * to list all spells.
You feel a surge of power!
A cloud of volatile blastmotes flares up around you!
The cloud of blastmotes explodes!
The concussive blast engulfs the gnoll!
You kill the gnoll!
The concussive blast engulfs you. You resist.
You are knocked back by the blast.
The gnoll throws a throwing net.
The throwing net hits you.
You become entangled in the net!
You see here a throwing net.
Unknown command.
You struggle against the net.
You feel a surge of power!
You conjure some foxfire!
You struggle against the net.
The foxfire hits the gnoll.
The gnoll is lightly wounded.
The foxfire hits the gnoll.
The gnoll is moderately wounded.
You struggle against the net.
You shred the net and break free! The ogre attacks as you move away!
The ogre barely misses you.
Casting: Foxfire (safe; 3% risk of failure)
Confirm with . or Enter, or press ? or * to list all spells.
You feel a surge of power!
A cloud of volatile blastmotes flares up around you!
The gnoll misses you.
The cloud of blastmotes explodes!
The concussive blast engulfs the gnoll!!
You kill the gnoll!
The concussive blast engulfs you. You resist.
The concussive blast engulfs the ogre!
The ogre is heavily wounded.
You are knocked back by the blast.
The ogre is knocked back by the blast.
The ogre barely misses you. The ogre attacks as you move away!
The ogre hits you with a +0 giant club!!
Ouch! That really hurt!
You die...

#...........##
#...)...#....###
##......[.......##
#............#...#
#...))....#...#..
#........##...###
##.......##...#
#.O.....###..#
#.@....## #..##
##.....# #...#
##)..### #...#
##....####..#
#....).....####.
#.......).......
#.....###...)...
#......## #.......
#.......# #.)...).


You could see an ogre.

Vanquished Creatures
  A water moccasin (D:5)
  A scorpion (D:4)
  2 jellies
  A gnoll bouda (D:5)
  2 orc priests
  2 iguanas (D:4)
  4 gnolls (D:5)
  4 adders
  2 worms
  5 dart slugs
  10 orcs
  8 endoplasms
  5 giant cockroaches
  6 goblins
  7 hobgoblins
  6 jackals
  2 kobolds
  5 quokkas
  3 ball pythons
  4 bats
  2 frilled lizards
  7 rats
89 creatures vanquished.

Vanquished Creatures (collateral kills)
  A foxfire (D:3)
1 creature vanquished.

Vanquished Creatures (others)
  430 foxfires
430 creatures vanquished.

Grand Total: 520 creatures vanquished

Notes
Turn   | Place    | Note
-------+----------+-------------------------------------------
     0 | D:1      | Pepete the Djinni Fire Elementalist began the quest for the
                  | Orb.
     0 | D:1      | Pepete set off with the following spells memorised:
                  | Foxfire, Scorch, Volatile Blastmotes, Inner Flame, Flame
                  | Wave.
     0 | D:1      | Reached XP level 1. HP: 15/15 MP: 0/0
   276 | D:1      | Reached XP level 2. HP: 19/21 MP: 0/0
   301 | D:1      | Reached skill level 1 in Armour
   825 | D:1      | Reached XP level 3. HP: 24/25 MP: 0/0
   825 | D:1      | Learned a level 1 spell: Beastly Appendage
  1892 | D:2      | Found Fecyos's One-of-a-Kind Rings.
  1898 | D:2      | Reached XP level 4. HP: 19/31 MP: 0/0
  2547 | D:3      | Found a faded altar of an unknown god.
  2995 | D:3      | Reached skill level 1 in Shields
  2995 | D:3      | Reached XP level 5. HP: 32/35 MP: 0/0
  2995 | D:3      | Learned a level 2 spell: Poisonous Vapours
  3139 | D:3      | Found an iron altar of Okawaru.
  3526 | D:4      | Reached XP level 6. HP: 27/40 MP: 0/0
  3866 | D:4      | Found a runed translucent gate.
  3866 | D:4      | Found a runed translucent gate.
  3866 | D:4      | Found a runed translucent gate.
  4127 | D:4      | Found a staircase to the Ecumenical Temple.
  4507 | D:4      | Noticed erynZofia's ghost (amateur FoHu)
  4784 | D:5      | Entered Level 5 of the Dungeon
  4792 | D:5      | Noticed a water moccasin
  4797 | D:5      | Killed a water moccasin
  4798 | D:5      | Reached XP level 7. HP: 37/45 MP: 0/0
  4798 | D:5      | Learned a level 3 spell: Swiftness
  5038 | D:5      | Slain by an ogre

Illustrated notes

Levels and vault maps discovered:
D:1:      lightli_arrival_chessboard, layout_basic, nrook_loot_triangle
D:2:      layout_basic, grunt_decor_clamped, chequers_decorated_corner,
          nicolae_shop_unique_rings
D:3:      layout_basic, mainiacjoe_overflow_small_starburst,
          dreamdust_ecumenical_altar_grove
D:4:      layout_rooms, temple_pool_b, gammafunk_ghost_icy,
          hangedman_decor_clover_reticule
D:5:      layout_cave_pods, kennysheep_vampire_church, serial_shops,
          nicolae_shop_window_shopping, kennysheep_generic_room_12

Skill      XL: |  1  2  3  4  5  6 |
---------------+-------------------+-----
Armour         | 1 2 3 4 |  4.3
Spellcasting   | 3 4 |  4.2
Shields        | 1 2 3 |  3.4
Dodging        | |  2.1
Stealth        | |  1.5

Action                     |  1- 3 |  4- 6 |  7- 9 || total
---------------------------+-------+-------+-------++-------
   Cast: Foxfire           |    91 |   150 |    19 ||   260
         Scorch            |     7 |    16 |     1 ||    24
         Volatile Blastmot |       |       |     3 ||     3
    Use: Scroll            |     6 |     3 |       ||     9
         Potion            |       |     1 |       ||     1
 Armour: Robe              |       |     2 |       ||     2
  Dodge: Dodged            |     4 |     9 |     4 ||    17
  Block: Buckler           |       |     2 |       ||     2
